 Dungeon Crawl Stone Soup version 0.29.1-14-g9c671dbff4 (webtiles) character file.

Game seed: 11597821658689898418

51195 cdecastro the Severer (level 14, -9/135 HPs)
             Began as a Hill Orc Fighter on Feb 9, 2023.
             Was a Believer of Uskayaw.
             Mangled by Jorgrun
             ... wielding a staff of earth
              (27 damage)
             ... on level 13 of the Dungeon on Feb 13, 2023.
             The game lasted 00:49:46 (23478 turns).

cdecastro the Severer (Hill Orc Fighter)           Turns: 23478, Time: 00:49:46

Health: -9/135     AC: 15    Str: 26    XL:     14   Next: 58%
Magic:  17/21      EV:  9    Int:  8    God:    Uskayaw [**....]
Gold:   1137       SH:  0    Dex: 10    Spells: 13/13 levels left

rFire   . . .      SeeInvis .   a - +2 battleaxe (venom)
rCold   + . .      Faith    +   (shield currently unavailable)
rNeg    . . .      Spirit   .   w - +1 chain mail {Will+}
rPois   .          Reflect  .   r - +2 helmet
rElec   .          Harm     .   t - +0 cloak
rCorr   .          Rampage  .   y - +0 pair of gloves "Joimorch" {+Blink Str+2}
Will    +++..                   x - +1 pair of boots
Stlth   ..........              p - amulet of faith
HPRegen 0.32/turn               C - ring of willpower
MPRegen 0.17/turn               n - ring of protection from cold

@: corroded
A: no striking features
a: Renounce Religion, Evoke Blink, Stomp, Line Pass


You were on level 13 of the Dungeon.
You worshipped Uskayaw.
Uskayaw was aware of your devotion.
You visited 2 branches of the dungeon, and saw 16 of its levels.
You also visited: Gauntlet.

You collected 1137 gold pieces.

Inventory:

Hand Weapons
 a - a +2 battleaxe of venom (weapon)
 b - the +5 arbalest "Pendulum" {vorpal, +Blink rF- Dex+9 SInv}
   (You took it off a minotaur in a Gauntlet)

   Any ammunition fired from it inflicts extra damage upon your enemies.
   Dex:       It affects your dexterity (+9).
   rF:        It makes you vulnerable to fire.
   SInv:      It lets you see invisible.
   +Blink:    It lets you blink.
 e - a +3 longbow of flaming
 R - the +10 hammer of Red Wine {vamp, rF+ rC++}
   (You found it on level 6 of the Dungeon)

   It occasionally heals its wielder for a portion of the damage dealt when it
   wounds a living foe.
   rF:        It protects you from fire.
   rC:        It greatly protects you from cold.
Missiles
 Q - 4 javelins (quivered)
Armour
 c - a +0 buckler
 r - a +2 helmet (worn)
 t - a +0 cloak (worn)
 w - a +1 chain mail of willpower (worn)
 x - a +1 pair of boots (worn)
 y - the +0 pair of gloves "Joimorch" (worn) {+Blink Str+2}
   (You found it in a Gauntlet)

   Str:       It affects your strength (+2).
   +Blink:    It lets you blink.
 G - a +2 ring mail of poison resistance
 I - a +0 plate armour
 S - a +2 chain mail of positive energy
Magical Staves
 V - a staff of fire
 W - a staff of earth
Jewellery
 d - a ring of protection from cold
 l - an amulet of the acrobat
 n - a ring of protection from cold (right hand)
 p - an amulet of faith (around neck)
 C - a ring of willpower (left hand)
 O - a ring of positive energy
 P - a ring of protection from fire
 X - an amulet of regeneration
Wands
 f - a wand of quicksilver (7)
 B - a wand of flame (37)
 J - a wand of charming (14)
 K - a wand of digging (7)
 M - a wand of iceblast (7)
 U - a wand of mindburst (2)
Scrolls
 h - a scroll of amnesia
 i - 3 scrolls of immolation
 j - 3 scrolls of teleportation
 o - 2 scrolls of blinking
 q - 6 scrolls of enchant armour
 v - 3 scrolls of magic mapping
 D - 2 scrolls of poison
Potions
 g - 4 potions of heal wounds
 k - 3 potions of haste
 m - 8 potions of curing
 s - 4 potions of attraction
 u - a potion of lignification
 z - 2 potions of cancellation
 A - a potion of brilliance
 E - a potion of magic
 F - a potion of berserk rage
 L - a potion of resistance
 N - 4 potions of mutation
 Y - 3 potions of might
 Z - a potion of flight {unknown}
Miscellaneous
 H - a lightning rod (4/4)
 T - a box of beasts


   Skills:
 - Level 15.0 Fighting
 - Level 20.0 Axes
 - Level 5.0 Ranged Weapons
 + Level 12.9 Armour
 - Level 3.2 Shields
 - Level 10.0 Invocations
 - Level 5.0 Evocations


You had 13 spell levels left.
You didn't know any spells.
Your spell library contained the following spells:

 Spells                   Type           Power      Damage    Failure   Level
 Beastly Appendage        Tmut           0%         N/A       87%         1
 Magic Dart               Conj           0%         1d3       87%         1
 Shock                    Conj/Air       0%         1d3       87%         1
 Call Imp                 Summ           0%         N/A       95%         2
 Passwall                 Tmut/Erth      0%         N/A       95%         2
 Poisonous Vapours        Pois/Air       0%         N/A       95%         2
 Static Discharge         Conj/Air       0%         3-3/arc   95%         2
 Sublimation of Blood     Necr           0%         N/A       95%         2
 Wereblood                Tmut           0%         N/A       95%         2
 Conjure Flame            Conj/Fire      0%         6-21      99%         3
 Dazzling Flash           Conj/Hex       0%         N/A       99%         3
 Gell's Gravitas          Tloc           0%         N/A       99%         3
 Mephitic Cloud           Conj/Pois/Air  0%         N/A       99%         3
 Spider Form              Tmut/Pois      0%         N/A       99%         3
 Stone Arrow              Conj/Erth      0%         3d7       99%         3
 Swiftness                Air            0%         N/A       99%         3
 Teleport Other           Tloc           0%         N/A       99%         3
 Airstrike                Air            0%         2d(0-16)  100%        4
 Anguish                  Hex/Necr       0%         N/A       100%        4
 Animate Dead             Necr           0%         N/A       100%        4
 Fulminant Prism          Conj/Hex       0%         3d6       100%        4
 Iskenderun's Mystic Bla  Conj/Tloc      0%         2d3       100%        4
 Summon Lightning Spire   Summ/Air       0%         N/A       100%        4
 Borgnjor's Vile Clutch   Necr/Erth      0%         N/A       100%        5
 Lee's Rapid Deconstruct  Erth           0%         3d5*      100%        5
 Lightning Bolt           Conj/Air       0%         1d11      100%        5
 Death Channel            Necr           0%         N/A       100%        6
 Dispersal                Tloc           0%         N/A       100%        6
 Starburst                Conj/Fire      0%         6d3       100%        6
 Enfeeble                 Hex            0%         N/A       100%        7
 Storm Form               Tmut/Air       0%         N/A       100%        7
 Summon Hydra             Summ           0%         N/A       100%        7
 Infestation              Necr           0%         N/A       100%        8
 Fire Storm               Conj/Fire      0%         5d1       100%        9


Dungeon Overview and Level Annotations

Branches:
Dungeon (15/15)            Temple (1/1) D:5            Lair (0/5) D:10
    Orc (0/2) D:11         Vaults (0/5) D:13         Depths (0/4) D:15
Gauntlet (visited)

Altars:
Ashenzari
Cheibriados
Dithmenos
Elyvilon
Fedhas
Gozag
Hepliaklqana
Kikubaaqudgha
Makhleb
Nemelex Xobeh
Okawaru
Qazlal
Ru
Sif Muna
Trog
Uskayaw
Vehumet
Wu Jian
Xom
Yredelemnul
Zin
The Shining One

Shops:
D:2 (   D:6 [   D:13 [

Annotations:
D:11 2 transporters, SirLogeyBear's ghost, journeyman HOBe
D:13 Jorgrun


Message History

Jorgrun shatters you.
* * * LOW HITPOINT WARNING * * *
The grasping roots constrict you!
* * * LOW HITPOINT WARNING * * *
You slash Jorgrun!
Jorgrun looks as sick as possible!
Jorgrun is moderately wounded.
Unknown command.
Aiming: Line Pass
Press: ? - help, Dir - move target Jorgrun appears confused.
The roots lose their grip on you.
You can no longer pass through a line of other dancers.
Jorgrun barely misses you.
Unknown command.
You catch the helpless Jorgrun completely off-guard!
You hit Jorgrun.
Jorgrun looks as sick as possible!
Jorgrun is moderately wounded.
Unknown command.
You barely miss Jorgrun.
Jorgrun is moderately wounded.
Jorgrun seems less confused.
Jorgrun says, "I've ne'er se'n tha particular type o' rock formation 'fore."
Jorgrun hits you but does no damage.
Unknown command.
You hit Jorgrun but do no damage.
Jorgrun looks as sick as possible!
Jorgrun is moderately wounded.
Jorgrun hits you with a staff of earth.
* * * LOW HITPOINT WARNING * * *
Unknown command.
Okay, then.
Unknown command.
You hit Jorgrun.
Jorgrun looks as sick as possible!
Jorgrun is moderately wounded.
You can now pass through a line of other dancers.
Unknown command.
You closely miss Jorgrun.
Jorgrun is moderately wounded.
Jorgrun hits you with a staff of earth!
* * * LOW HITPOINT WARNING * * *
Jorgrun shatters you!!
You die...

#################
#................
#.###############
#.# ####'## #.....#
#...g.# #..@..# ##
### #.....# #.
.>############.....#
#.
...................#
#.
#.##.##########.#+##
#. #................
#. #...∩...##### #.#
## #.....#..######.#
#.###...........#


You could see Jorgrun (extremely poisoned).

Vanquished Creatures
  2 deep elf sorcerers (D:11)
  A minotaur (Gauntlet)
  Nessos (D:13)
  3 boulder beetles
  A hydra (D:14)
  A catoblepas (D:15)
  A death knight (D:15)
  5 centaur warriors
  A tengu warrior (D:15)
  A death yak (Gauntlet)
  A deep elf knight (D:13)
  2 skeletal warriors (D:15)
  Pikel (D:6)
  10 deep elf pyromancers
  5 deep elf zephyrmancers
  15 ugly things
  A wizard (D:11)
  An orc sorcerer (D:11)
  4 cyclopes
  3 manticores
  A black mamba (shapeshifter) (D:15)
  Maurice (D:13)
  2 gargoyles
  Maggie (D:8)
  A cane toad (shapeshifter) (D:15)
  10 kobold demonologists
  3 yaktaurs
  An efreet (Gauntlet)
  2 unseen horrors (D:12)
  3 tengu conjurers
  5 trolls
  Prince Ribbit (D:8)
  3 meliai (D:13)
  15 slime creatures
  A hornet (D:11)
  Grinder (D:3)
  A jumping spider (shapeshifter) (D:15)
  A shadow (D:10)
  Sigmund (D:5)
  A wraith (D:15)
  A centaur simulacrum (D:15)
  2 fire elementals (Gauntlet)
  23 yaks
  2 steam dragons
  A basilisk (D:13)
  2 vampire mosquitoes (D:13)
  An acid dragon (D:13)
  A water moccasin (D:7)
  2 hell hounds (Gauntlet)
  4 orc warriors
  A swamp drake (D:11)
  3 ice beasts
  A sky beast (D:6)
  A black bear (D:7)
  An ogre (D:11)
  3 boggarts (D:15)
  14 centaurs
  2 lemures (D:6)
  4 kobold brigands
  3 necrophages
  A bullfrog (D:7)
  3 gnoll sergeants
  Blork the orc (D:4)
  A scorpion (D:6)
  16 wights
  3 jellies
  5 killer bees (D:8)
  9 howler monkeys
  4 hounds
  7 orc priests
  Crazy Yiuf (D:6)
  7 iguanas
  10 orc wizards
  Robin (D:4)
  11 gnolls
  5 adders
  A shadow imp (D:6)
  A white imp (D:5)
  2 worms (D:4)
  5 dart slugs
  33 orcs
  4 bats
  5 endoplasms
  2 giant cockroaches (D:3)
  12 hobgoblins
  2 quokkas
  2 ball pythons (D:3)
  3 frilled lizards
  22 goblins
  8 kobolds
  5 rats
379 creatures vanquished.

Vanquished Creatures (others)
  A butterfly (D:9)
1 creature vanquished.

Grand Total: 380 creatures vanquished

Notes
Turn   | Place    | Note
-------+----------+-------------------------------------------
     0 | D:1      | cdecastro the Hill Orc Fighter began the quest for the Orb.
     0 | D:1      | Reached XP level 1. HP: 19/19 MP: 1/1
    57 | D:1      | Reached skill level 3 in Axes
   139 | D:1      | Reached XP level 2. HP: 24/26 MP: 2/2
   256 | D:1      | Reached skill level 4 in Axes
   643 | D:2      | Found a shimmering blue altar of Sif Muna.
   739 | D:2      | Reached XP level 3. HP: 30/31 MP: 3/3
   852 | D:2      | Found Xuappuno's Weapon Shop.
  1502 | D:3      | Reached skill level 5 in Axes
  1580 | D:3      | Noticed Grinder
  1903 | D:4      | Reached XP level 4. HP: 39/39 MP: 4/4
  2084 | D:4      | Reached skill level 6 in Axes
  2342 | D:4      | Reached XP level 5. HP: 36/45 MP: 5/5
  2551 | D:4      | Reached skill level 7 in Axes
  2698 | D:4      | Noticed Robin
  2800 | D:4      | Killed Robin
  2943 | D:4      | Reached skill level 8 in Axes
  3061 | D:4      | Noticed Blork the orc
  3073 | D:4      | Killed Blork the orc
  3074 | D:4      | Reached XP level 6. HP: 25/51 MP: 6/6
  3235 | D:4      | Found an ornate altar of the Wu Jian Council.
  3389 | D:4      | Reached skill level 9 in Axes
  3558 | D:5      | Entered Level 5 of the Dungeon
  3581 | D:5      | Noticed Sigmund
  3590 | D:5      | Killed Sigmund
  3591 | D:5      | Reached XP level 7. HP: 33/57 MP: 7/7
  3785 | D:5      | Noticed a kobold demonologist
  3803 | D:5      | Noticed a hellwing
  3845 | D:5      | Noticed a chaos spawn
  3850 | D:4      | Noticed a soul eater
  3857 | D:4      | Killed a kobold demonologist
  3858 | D:4      | Reached skill level 11 in Axes
  3964 | D:5      | Reached XP level 8. HP: 34/67 MP: 8/8
  3966 | D:5      | Reached skill level 5 in Fighting
  3969 | D:5      | Noticed a kobold demonologist
  3985 | D:4      | Noticed an ice devil
  3997 | D:4      | Killed a kobold demonologist
  4299 | D:5      | Found an opulent altar of Gozag.
  4299 | D:5      | Found an iron altar of Okawaru.
  4605 | D:5      | Found a staircase to the Ecumenical Temple.
  4635 | Temple   | Entered the Ecumenical Temple
  4789 | Temple   | Became a worshipper of Uskayaw the Reveller
  4842 | D:5      | Reached * piety under Uskayaw
  5465 | D:5      | Reached ** piety under Uskayaw
  6338 | D:6      | Reached XP level 9. HP: 72/85 MP: 9/9
  6415 | D:6      | Reached *** piety under Uskayaw
  6417 | D:6      | Reached skill level 10 in Fighting
  6464 | D:6      | Reached skill level 1 in Invocations
  6488 | D:6      | HP: 2/80 [something (6)]
  7065 | D:6      | Reached skill level 5 in Invocations
  7129 | D:6      | Found Uplyu's Armour Shop.
  7134 | D:6      | Noticed Pikel
  7158 | D:6      | Reached **** piety under Uskayaw
  7160 | D:6      | Killed Pikel
  7951 | D:6      | Found a snail-covered altar of Cheibriados.
  7964 | D:6      | Found a runed translucent door.
  7965 | D:6      | Noticed Crazy Yiuf
  7971 | D:6      | Killed Crazy Yiuf
  7977 | D:6      | Identified the +10 hammer of Red Wine {vamp, rF+ rC++}
  8388 | D:7      | Reached XP level 10. HP: 78/93 MP: 17/17
  8545 | D:7      | Reached skill level 10 in Invocations
  8665 | D:7      | Reached skill level 12 in Axes
  9569 | D:8      | Noticed Maggie
  9584 | D:8      | Killed Maggie
  9585 | D:8      | Reached skill level 13 in Axes
  9763 | D:8      | Noticed Prince Ribbit
  9772 | D:8      | Killed Prince Ribbit
 10154 | D:9      | Reached ***** piety under Uskayaw
 10155 | D:9      | Reached skill level 14 in Axes
 10472 | D:9      | Reached skill level 15 in Axes
 10775 | D:9      | Found a stormy altar of Qazlal.
 10776 | D:9      | Found a sparkling altar of Nemelex Xobeh.
 10927 | D:9      | Found a white marble altar of Elyvilon.
 11214 | D:10     | Entered Level 10 of the Dungeon
 11240 | D:10     | Reached XP level 11. HP: 71/99 MP: 18/18
 11243 | D:10     | Reached skill level 16 in Axes
 11247 | D:10     | Reached ****** piety under Uskayaw
 11906 | D:10     | Reached skill level 5 in Armour
 12463 | D:10     | Found a staircase to the Lair.
 12508 | D:10     | Found a broken altar of Ashenzari.
 12771 | D:11     | Noticed a deep elf pyromancer
 12780 | D:11     | Killed a deep elf pyromancer
 12858 | D:11     | Noticed a cyclops
 12898 | D:11     | Killed a cyclops
 13049 | D:11     | Noticed a cyclops
 13065 | D:11     | Killed a cyclops
 13125 | D:11     | Found a gate leading to a gauntlet.
 13134 | Gauntlet | Entered a Gauntlet
 13134 | Gauntlet | Noticed a fire crab
 13134 | Gauntlet | Found a transporter.
 13137 | Gauntlet | Found a transporter.
 13157 | Gauntlet | Found a transporter.
 13159 | Gauntlet | Found a large runed translucent door.
 13160 | Gauntlet | Found a large runed translucent door.
 13161 | Gauntlet | Found a transporter.
 13161 | Gauntlet | Found a large runed translucent door.
 13161 | Gauntlet | Found a large runed translucent door.
 13161 | Gauntlet | Found a runed translucent door.
 13162 | Gauntlet | Found a large runed translucent door.
 13163 | Gauntlet | Found a large runed translucent door.
 13164 | Gauntlet | Found a large runed translucent door.
 13164 | Gauntlet | Found a large runed translucent door.
 13165 | Gauntlet | Found a runed translucent gate.
 13173 | Gauntlet | Noticed a balrug
 13175 | Gauntlet | Found a transporter.
 13175 | Gauntlet | Found a runed translucent gate.
 13176 | Gauntlet | Found a runed translucent gate.
 13177 | Gauntlet | Found a large runed translucent door.
 13177 | Gauntlet | Found a large runed translucent door.
 13178 | Gauntlet | Found a large runed translucent door.
 13179 | Gauntlet | Found a large runed translucent door.
 13188 | Gauntlet | Found a transporter.
 13199 | Gauntlet | Noticed a necromancer
 13201 | Gauntlet | Found a transporter.
 13204 | Gauntlet | Noticed a death yak
 13204 | Gauntlet | Noticed a death yak
 13204 | Gauntlet | Noticed a death yak
 13205 | Gauntlet | Noticed a death yak
 13205 | Gauntlet | Noticed a death yak
 13205 | Gauntlet | Noticed a death yak
 13221 | Gauntlet | Found a transporter.
 13233 | Gauntlet | Found a transporter.
 13253 | Gauntlet | Found a transporter.
 13258 | Gauntlet | Found a transporter.
 13281 | Gauntlet | Found a large runed translucent door.
 13282 | Gauntlet | Found a large runed translucent door.
 13284 | Gauntlet | Found a runed translucent door.
 13284 | Gauntlet | Found a large runed translucent door.
 13285 | Gauntlet | Found a large runed translucent door.
 13290 | Gauntlet | Found a transporter.
 13463 | Gauntlet | Identified the +0 pair of gloves "Joimorch" {+Blink Str+2}
 13474 | Gauntlet | Reached skill level 10 in Armour
 13716 | Gauntlet | Killed a death yak
 13813 | Gauntlet | Identified the +5 arbalest "Pendulum" {vorpal, +Blink rF-
                  | Dex+9 SInv}
 13813 | Gauntlet | Noticed a minotaur
 13827 | Gauntlet | Killed a minotaur
 13828 | Gauntlet | Reached XP level 12. HP: 102/106 MP: 19/19
 14028 | D:11     | Reached skill level 17 in Axes
 14028 | D:11     | Found a snail-covered altar of Cheibriados.
 14830 | D:3      | Killed Grinder
 15241 | D:11     | Paralysed by a hornet for 2 turns
 15408 | D:11     | Found a staircase to the Orcish Mines.
 15579 | D:11     | Reached skill level 18 in Axes
 15661 | D:11     | Found a transporter.
 15666 | D:11     | Found a transporter.
 15666 | D:11     | Noticed SirLogeyBear's ghost (journeyman HOBe)
 16047 | D:11     | Got Sif Muna's Encyclopedia of Ozone
 16088 | D:11     | Got the Volume of Ozone
 16102 | D:11     | Got the Parchment of Heat and Clay
 16114 | D:11     | Found a shimmering blue altar of Sif Muna.
 16126 | D:11     | Reached skill level 19 in Axes
 16421 | D:11     | Noticed a deep elf sorcerer
 16421 | D:11     | Noticed a deep elf sorcerer
 16428 | D:11     | Killed a deep elf sorcerer
 16428 | D:11     | Killed a deep elf sorcerer
 16429 | D:11     | Reached skill level 20 in Axes
 16508 | D:11     | Got the Quarto of Transmigration and Shadows
 16573 | D:11     | Reached XP level 13. HP: 98/116 MP: 20/20
 17483 | D:12     | You fall into a shaft and drop 3 floors!
 17483 | D:15     | Entered Level 15 of the Dungeon
 18899 | D:15     | Reached skill level 15 in Fighting
 18899 | D:15     | Reached skill level 1 in Ranged Weapons
 19668 | D:15     | Reached skill level 5 in Ranged Weapons
 19668 | D:15     | Reached skill level 1 in Evocations
 20095 | D:15     | Found a staircase to the Depths.
 20167 | D:15     | Found a shadowy altar of Dithmenos.
 20168 | D:15     | Found a sacrificial altar of Ru.
 20168 | D:15     | Found a bloodstained altar of Trog.
 20213 | D:15     | Reached XP level 14. HP: 99/135 MP: 21/21
 20373 | D:15     | Noticed a fire giant
 20768 | D:13     | Noticed Maurice
 20774 | D:13     | Killed Maurice
 20775 | D:13     | Noticed Nessos
 20782 | D:13     | Killed Nessos
 20783 | D:13     | Reached skill level 5 in Evocations
 21418 | D:13     | Found Tifeg's Antique Armour Emporium.
 22118 | D:12     | Found a faded altar of an unknown god.
 22118 | D:12     | Found a faded altar of an unknown god.
 22118 | D:12     | Found a hazy altar of Hepliaklqana.
 22120 | D:12     | Found a faded altar of an unknown god.
 22436 | D:13     | Upgraded the game from 0.29.1-13-g9f3cf754e1 to
                  | 0.29.1-14-g9c671dbff4
 23135 | D:13     | Found a gate to the Vaults.
 23461 | D:13     | Noticed Jorgrun
 23478 | D:13     | Mangled by Jorgrun

Illustrated notes

Levels and vault maps discovered:
D:1:      minmay_arrival_radiant_lines, layout_rooms, serial_forest,
          infiniplex_forest_lined_2, infiniplex_forest_clump_curved,
          infiniplex_forest_straight_3, infiniplex_forest_clump_small,
          infiniplex_forest_lined_2, st_stairs_3
D:2:      layout_basic, serial_shops, nicolae_shop_bloodbath_and_beyond,
          serial_curves, eino_curves_04, eino_curves_02, eino_curves_03,
          basic_altar
D:3:      layout_basic, grunt_ministairs_14, minmay_close_crescents,
          uniq_grinder
D:4:      layout_rooms, old_standard_altar, minmay_misc_feat_tiny,
          dk_noncrumbling_4, minmay_goblin_outpost, uniq_blork_the_orc,
          uniq_robin
D:5:      layout_basic, kennysheep_okawaru_gauntlet, nicolae_gozag_seed_capital,
          temple_fountains, uniq_sigmund
D:6:      layout_loops_corners, kennysheep_mini_moat, serial_shops,
          nicolae_shop_waterfront, uniq_pikel, uniq_crazy_yiuf_cottage
D:7:      layout_basic
D:8:      layout_loops_ring, uniq_maggie, uniq_prince_ribbit1
D:9:      layout_loops_ring, chequers_temple_overflow_statue_of_worship,
          nicolae_elyvilon_peaceful_grove
D:10:     layout_basic, lemuel_tele_altar, lair_entry_dummy
D:11:     evilmike_library_of_no_secrets, layout_cross, erik_orc_1,
          gauntlet_entry_generic, gammafunk_ghost_hive, kennysheep_slug_shrine
D:12:     layout_stronghold, nicolae_hepliaklqana_ecumenical_no_more
D:13:     layout_basic, hangedman_vaults_entry_quadrant_bands, serial_shops,
          shop, uniq_jorgrun, uniq_nessos, uniq_maurice
D:14:     layout_irregular_city, hex_tiny, vehumet_statue
D:15:     hangedman_slaughterboxes
Temple:   nicolae_temple_superstar

Skill      XL: |  1  2  3  4  5  6  7  8  9 10 11 12 13 14 |
---------------+-------------------------------------------+-----
Axes           | 3 4 5 6 8 9 11 15 16 20 | 20.0
Fighting       | 4 9 10 11 15 | 15.0
Invocations    | 9 10 | 10.0
Armour         | 10 12 | 12.9
Ranged Weapons | 5 |  5.0
Evocations     | 3 5 |  5.0
Shields        | |  3.2

Action                   |  1- 3 |  4- 6 |  7- 9 | 10-12 | 13-15 || total
-------------------------+-------+-------+-------+-------+-------++-------
Melee: War axe           |    90 |   126 |   265 |       |       ||   481
       Punch             |       |     1 |     2 |     7 |       ||    10
       Mace              |       |       |    17 |   391 |    25 ||   433
       Battleaxe         |       |       |       |   107 |   368 ||   475
Throw: Dart              |       |       |     2 |       |       ||     2
Invok: Stomp             |       |       |     1 |       |       ||     1
       Line Pass         |       |       |       |       |     2 ||     2
Evoke: Wand              |       |       |       |       |     3 ||     3
  Use: Potion            |       |     1 |     2 |     1 |     2 ||     6
       Scroll            |       |       |     4 |     7 |    15 ||    26
 Stab: Paralysed         |       |       |     6 |    52 |    33 ||    91
       Confused          |       |       |       |       |     2 ||     2
Armor: Scale mail        |    51 |    61 |   107 |    87 |       ||   306
       Plate armour      |       |       |       |    84 |       ||    84
       Chain mail        |       |       |       |    63 |   288 ||   351
Dodge: Dodged            |    43 |    81 |   103 |   158 |   118 ||   503
